 Dungeon Crawl Stone Soup version 0.29-a0-350-g7790a0e70a (webtiles) character file.

Game seed: 8155851356708631885

42 spaghetti the Archer (level 3, -1/46 HPs)
             Began as a Gnoll Wanderer on Apr 22, 2022.
             Was a Follower of Uskayaw.
             Slain by a gnoll
             ... wielding a +0 flail
              (7 damage)
             ... on level 2 of the Dungeon.
             The game lasted 00:01:42 (546 turns).

spaghetti the Archer (Gnoll Wanderer)                Turns: 546, Time: 00:01:42

Health: -1/46      AC: 21    Str: 13    XL:     3   Next: 56%
Magic:  0/4        EV:  2    Int: 11    God:    Uskayaw [*.....]
Gold:   59         SH:  0    Dex: 11    Spells: 3/3 levels left

rFire   . . .      SeeInvis .     - Unarmed
rCold   . . .      Faith    .   (no shield)
rNeg    . . .      Spirit   .   (body armour currently unavailable)
rPois   +          Reflect  .   (helmet currently unavailable)
rElec   .          Harm     .   (cloak currently unavailable)
rCorr   .          Rampage  .   (gloves currently unavailable)
Will    .....      NoTele   +   (boots currently unavailable)
Stlth   ++........              (no amulet)
HPRegen 0.15/turn               (no ring)
MPRegen 0.09/turn               (no ring)

@: tree-form
A: stationary, stasis, torment immunity, boosted hp, (fangs 1), strong nose,
distributed training
a: Renounce Religion, Stomp


You were on level 2 of the Dungeon.
You worshipped Uskayaw.
Uskayaw was noncommittal.
You were a tree.
You visited 1 branch of the dungeon, and saw 2 of its levels.

You collected 59 gold pieces.


Innate Abilities, Weirdness & Mutations

You are a tree.
Your roots penetrate the ground, keeping you stationary.
You cannot be teleported.
You are immune to unholy pain and torment.
Your maximum health is greatly increased.
Your equipment is partially melded.
((You have very sharp teeth.))
Your uncanny sense of smell can sniff out nearby items.
Your experience applies equally to all skills.


   Skills:
 + Level 4.5 Fighting
 + Level 0.8 Short Blades
 + Level 0.8 Long Blades
 + Level 0.8 Axes
 + Level 0.8 Maces & Flails
 + Level 0.8 Polearms
 + Level 0.8 Staves
 + Level 0.8 Slings
 + Level 8.5 Bows
 + Level 0.8 Crossbows
 + Level 0.8 Throwing
 + Level 0.8 Armour
 + Level 0.8 Dodging
 + Level 2.4 Stealth
 + Level 0.8 Shields
 + Level 6.5 Unarmed Combat
 + Level 0.8 Spellcasting
 + Level 0.5 Conjurations
 + Level 0.5 Hexes
 + Level 0.5 Summonings
 + Level 0.5 Necromancy
 + Level 0.5 Translocations
 + Level 0.5 Transmutations
 + Level 0.5 Fire Magic
 + Level 0.5 Ice Magic
 + Level 0.5 Air Magic
 + Level 0.5 Earth Magic
 + Level 0.5 Poison Magic
 + Level 1.0 Invocations
 + Level 0.8 Evocations


You had 3 spell levels left.
You didn't know any spells.
Your spell library was empty.

Inventory:

Hand Weapons
 a - a +3 shortbow {bow}
Missiles
 f - 36 stones {throwing}
Armour
 d - a +0 leather armour (melded)
Scrolls
 c - 3 scrolls of teleportation {@r4}
 e - a scroll of enchant weapon {unknown}
 h - a scroll of acquirement {unknown}
Potions
 b - a potion of curing {@q1}

Dungeon Overview and Level Annotations

Branches:
Dungeon (2/15)

Altars:
Uskayaw

#... .# #... .# #... .#
####### ... # .#
##.....# ..####.### .#
#......# #......... .#
#......#####g........ .#
#........!..gā™£..:....
.###.....###########+###
......)........
#####)...######
##........ā€ ..
..............
##.##.........
...###.######. #### ....


You could see 2 gnolls.


Message History

The arrow hits the goblin!
You kill the goblin!
You hear a shout!
No target in view!
No target in view!
No target in view!
No target in view!
A rat comes into view.
A rat is nearby!
A rat is nearby!
You shoot an arrow. The arrow hits the rat.
You kill the rat!
No target in view!
No target in view!
No target in view!
No target in view!
A kobold comes into view. It is wielding a +0 club.
A kobold is nearby!
A kobold is nearby!
You shoot an arrow. The arrow hits the kobold!
You kill the kobold!
No target in view!
No target in view!
No target in view!
No target in view!
No target in view!
Things that are here:
a +0 club {mace}; a kobold corpse; šŸ˜Ž MP[+1]
Your mp is fully restored (4).
Things that are here:
a +0 dagger {short}; a goblin corpse A hobgoblin comes into view.
You shoot an arrow. The hobgoblin shouts!
The arrow hits the hobgoblin.
You shoot an arrow. The arrow hits the hobgoblin!
You kill the hobgoblin!
No target in view!
No target in view!
No target in view!
No target in view!
No target in view!
No target in view!
No target in view!
No target in view!
No target in view!
No target in view!
No target in view!
No target in view!
No target in view!
No target in view!
No target in view!
No target in view!
A gnoll comes into view. It is wielding a +0 club.
A gnoll comes into view. It is wielding a +0 flail.
You see here a potion of curing {@q1}.
There are monsters nearby!
There are monsters nearby!
You shoot an arrow. The arrow barely misses the gnoll.
The gnoll shouts!
The arrow hits the gnoll.
You hear a shout!
A gnoll comes into view. It is wielding a +0 halberd.
You shoot an arrow. The arrow hits the gnoll.
You shoot an arrow. The arrow hits the gnoll!
You can now pass through a line of other dancers.
You shoot an arrow. The arrow hits the gnoll.
You kill the gnoll!
Your Invocations skill increases to level 1!
You are now empty-handed.
a - a +3 shortbow (weapon)
{bow} You are now empty-handed.
The gnoll barely misses you.
The gnoll hits you with a +0 flail! šŸ˜• HP[-7]
You take 7 damage, and now have 24/31 hp.
MASSIVE DAMAGE!! (PAUSE) Unknown command.
You hit the gnoll but do no damage.
The gnoll hits you from afar with a +0 halberd!
* * * LOW HITPOINT WARNING * * *
The gnoll hits you with a +0 flail!
* * * LOW HITPOINT WARNING * * *
šŸ˜± HP[-20]
You take 20 damage, and now have 4/31 hp.
MASSIVE DAMAGE!! (PAUSE) Unknown command.
Okay, then.
Aiming: Line Pass
Press: ? - help, Dir - move target The gnoll appears confused. x2
The gnoll hits the gnoll with a +0 halberd!
You can no longer pass through a line of other dancers. šŸ˜± MP[-4]
You lost 4 mp, and now have 0/4 mp.
It was a potion of lignification.
You turn into a tree.
Your +0 leather armour melds into your body.
Your roots penetrate the ground.
The gnoll hits you with a +0 halberd.
* * * LOW HITPOINT WARNING * * *
The gnoll hits you with a +0 flail!
You die...

Skill      XL: |  1  2  3 |
---------------+----------+-----
Invocations    | 1 |  1.0
Fighting       | |  4.5
Short Blades   | |  0.8
Long Blades    | |  0.8
Axes           | |  0.8
Maces & Flails | |  0.8
Polearms       | |  0.8
Staves         | |  0.8
Slings         | |  0.8
Bows           | |  8.5
Crossbows      | |  0.8
Throwing       | |  0.8
Armour         | |  0.8
Dodging        | |  0.8
Stealth        | |  2.4
Shields        | |  0.8
Unarmed Combat | |  6.5
Spellcasting   | |  0.8
Conjurations   | |  0.5
Hexes          | |  0.5
Summonings     | |  0.5
Necromancy     | |  0.5
Translocations | |  0.5
Transmutations | |  0.5
Fire Magic     | |  0.5
Ice Magic      | |  0.5
Air Magic      | |  0.5
Earth Magic    | |  0.5
Poison Magic   | |  0.5
Evocations     | |  0.8

Action                   || total
-------------------------++-------
Melee: Unarmed           ||     1
 Fire: Shortbow          ||    62
Invok: Line Pass         ||     1
  Use: Potion            ||     1
Armor: Leather armour    ||     3
Dodge: Dodged            ||     5

Levels and vault maps discovered:
D:1:      zelgadis_glass_arrival_small, layout_rooms,
          dreamdust_ecumenical_altar_sealed_demon
D:2:      layout_basic, grunt_ministairs_7, hex_tiny, roderic_cross_of_infinity

Notes
Turn   | Place    | Note
-------+----------+-------------------------------------------
     0 | D:1      | spaghetti the Gnoll Wanderer began the quest for the Orb.
     0 | D:1      | spaghetti set off with the following items: a +3 shortbow
                  | {bow}, a potion of curing {@q1}, a scroll of teleportation
                  | {@r4}, a +0 leather armour
     0 | D:1      | Reached XP level 1. HP: 20/20 MP: 1/1
     0 | D:1      | magus.rc [v1.9.6]
   154 | D:1      | Reached XP level 2. HP: 26/26 MP: 2/2
   352 | D:1      | Found a faded altar of an unknown god.
   352 | D:1      | Noticed a Brimstone Fiend
   362 | D:1      | Prayed at the altar of an unknown god.
   362 | D:1      | Became a worshipper of Uskayaw the Reveller
   362 | D:1      | Reached * piety under Uskayaw
   413 | D:1      | Reached XP level 3. HP: 31/31 MP: 3/3
   538 | D:2      | Reached ** piety under Uskayaw
   540 | D:2      | Reached skill level 1 in Invocations
   544 | D:2      | HP: 4/31 [gnoll/+0 flail (9)]
   546 | D:2      | Slain by a gnoll

Vanquished Creatures
  A gnoll (D:2)
  A bat (D:2)
  6 endoplasms (D:1)
  6 goblins
  3 hobgoblins
  2 ball pythons (D:1)
  4 frilled lizards
  4 kobolds
  4 rats
31 creatures vanquished.

Table legend:
 A = Non-vault XP
 B = Vault XP
 C = Vault XP percentage of total XP
 D = Non-vault monster count
 E = Vault monster count
 F = Vault count percentage of total count
                 A         B        C        D         E       F
            +---------+---------+-------+---------+---------+-------
      Total |      61 |       0 |   0.0 |      31 |       0 |   0.0
            +---------+---------+-------+---------+---------+-------
        D:1 |      37 |       0 |   0.0 |      24 |       0 |   0.0
        D:2 |      24 |       0 |   0.0 |       7 |       0 |   0.0
            +---------+---------+-------+---------+---------+-------

Illustrated notes

Table legend:
 A = Kills in this place as a percentage of kills in entire the game.
 B = Kills by you in this place as a percentage of kills by you in the entire game.
 C = Kills by friends in this place as a percentage of kills by friends in the entire game.
 D = Other kills in this place as a percentage of other kills in the entire game.
 E = Experience gained in this place as a percentage of experience gained in the entire game.
 F = Experience gained in this place divided by the number of levels of this place that you have seen.
                   A       B       C       D       E      F
               +-------+-------+-------+-------+-------+----------------------
         Total | 100.0 | 100.0 |   N/A |   N/A | 100.0 |  30.5
       Dungeon | 100.0 | 100.0 |   N/A |   N/A | 100.0 |  30.5
               +-------+-------+-------+-------+-------+----------------------

Table legend: (Time is in decaauts)
 A = Elapsed time spent in this place.
 B = Non-inter-level travel time spent in this place.
 C = Inter-level travel time spent in this place.
 D = Time resting spent in this place.
 E = Time spent auto-exploring this place.
 F = Levels seen in this place.
 G = Mean time per level.
                   A        B        C        D        E       F      G
               +--------+--------+--------+--------+--------+-----+--------+
         Total |    550 |    529 |     21 |      0 |    412 |   2 |  275.0 |
       Dungeon |    550 |    529 |     21 |      0 |    412 |   2 |  275.0 |
               +--------+--------+--------+--------+--------+-----+--------+

Top non-repeatable levels by time:
     D:1: 486 daAuts
     D:2: 64 daAuts
